 Dungeon Crawl Stone Soup version 0.30-a0-168-g0b976cbdc4 (webtiles) character file.

Game seed: 10032501709952927711

91 bande the Covered (level 4, 0/29 HPs)
             Began as a Gargoyle Fighter on Sept 29, 2022.
             Killed by divine providence
             ... invoked by an orc priest
              (13 damage)
             ... on level 3 of the Dungeon.
             The game lasted 00:02:48 (2643 turns).

bande the Covered (Gargoyle Fighter)                Turns: 2643, Time: 00:02:49

Health: 0/29       AC: 10    Str: 20    XL:     4   Next: 59%
Magic:  4/4        EV:  9    Int: 14    God:
Gold:   75         SH:  4    Dex: 11    Spells: 3/3 levels left

rFire   . . .      SeeInvis .    a - +1 war axe
rCold   . . .      Faith    .    c - +0 buckler
rNeg    + + .      Spirit   .    b - +0 scale mail
rPois   ∞          Reflect  .    (no helmet)
rElec   +          Harm     .    (no cloak)
rCorr   .          Rampage  .    (no gloves)
Will    .....                    (no boots)
Stlth   ..........               (no amulet)
HPRegen 0.09/turn                f - ring of positive energy
MPRegen 0.09/turn                k - +6 ring of intelligence

@: no status effects
A: sickness immunity, AC +3, negative energy resistance 1, electricity
resistance, torment resistance 1, petrification resistance
a: no special abilities


You were on level 3 of the Dungeon.
You visited 1 branch of the dungeon, and saw 3 of its levels.

You collected 75 gold pieces.

Inventory:

Hand Weapons
 a - a +1 war axe (weapon)
 h - a +0 morningstar
Armour
 b - a +0 scale mail (worn)
 c - a +0 buckler (worn)
Jewellery
 f - a ring of positive energy (left hand)
 k - a +6 ring of intelligence (right hand)
Scrolls
 g - 2 scrolls of fear
 j - a scroll of poison {unknown}
Potions
 d - 2 potions of might
 e - a potion of heal wounds
 i - a potion of degeneration {unknown}


   Skills:
 + Level 3.8 Fighting
 + Level 3.0 Axes
 + Level 4.2 Armour
 + Level 3.6 Shields


You had 3 spell levels left.
You didn't know any spells.
Your spell library contained the following spells:

 Spells                   Type           Power      Damage    Failure   Level
 Gell's Gravitas          Tloc           0%         N/A       97%         3
 Teleport Other           Tloc           0%         N/A       97%         3
 Tukima's Dance           Hex            0%         N/A       97%         3
 Passage of Golubria      Tloc           0%         N/A       100%        4
 Yara's Violent Unravell  Hex/Tmut       0%         3d3       100%        5
 Dispersal                Tloc           0%         N/A       100%        6


Dungeon Overview and Level Annotations

Branches:
Dungeon (3/15)

Altars:

Shops:
D:2 (


Innate Abilities, Weirdness & Mutations

You are immune to sickness and miasma.
Your stone body is resilient. (AC +3)
You are immune to poison.
You resist negative energy. (rN+)
You are resistant to electric shocks. (rElec)
You are resistant to unholy torment.
You are immune to petrification.


Message History

Unknown command.
The orc shouts!
The orc priest mumbles some strange prayers to Beogh against you.
You barely resist. The orc hits you but does no damage.
The orc hits you with a +0 dagger.
You climb upwards.
There is a stone staircase leading down here.
You closely miss the orc. You slash the orc!
You kill the orc!
The orc misses you.
Your Axes skill increases to level 3!
You closely miss the orc. The orc hits you with a +0 falchion.
You closely miss the orc. The orc barely misses you.
The orc hits you with a +0 falchion.
You slash the orc!
You kill the orc!
Things that are here:
a +0 falchion; an orc corpse You start resting.
HP restored.
You start waiting.
Done waiting.
Things that are here:
a +0 dagger; an orc skeleton
Things that are here:
a +0 falchion; an orc skeleton
There is a stone staircase leading down here.
You climb downwards.
There is a stone staircase leading up here.
Unknown command.
You closely miss the orc priest.
The orc priest invokes the aid of Beogh against you.
Beogh smites you! The orc hits you but does no damage.
The orc priest hits you with a +0 mace.
You hit the orc priest.
The orc priest is lightly wounded.
You hit the orc. The orc hits you but does no damage.
The orc priest mumbles some strange prayers to Beogh against you.
Beogh smites you!
You die...

##.#. ....
... # ?. ##.#
#. .....#.##
#.$o.######..
#..o@<.......
##...#######.
##... #####


You could see an orc priest and an orc.

Vanquished Creatures
  4 adders (D:2)
  A worm (D:2)
  2 dart slugs (D:2)
  2 orcs (D:2)
  4 ball pythons (D:1)
  4 endoplasms
  4 giant cockroaches
  2 goblins
  5 hobgoblins (D:1)
  A quokka (D:1)
  4 bats
  2 frilled lizards (D:1)
  6 kobolds
  2 rats (D:2)
43 creatures vanquished.

Notes
Turn   | Place    | Note
-------+----------+-------------------------------------------
     0 | D:1      | bande the Gargoyle Fighter began the quest for the Orb.
     0 | D:1      | Reached XP level 1. HP: 14/14 MP: 1/1
   205 | D:1      | Reached XP level 2. HP: 14/19 MP: 2/2
   902 | D:1      | Reached XP level 3. HP: 17/23 MP: 3/3
  1018 | D:1      | Found a faded altar of an unknown god.
  1592 | D:2      | Found Oreelaqi's Antique Weapon Boutique.
  1613 | D:2      | Reached skill level 4 in Armour
  1647 | D:2      | Reached XP level 4. HP: 26/29 MP: 4/4
  2643 | D:3      | Killed from afar by an orc priest

Illustrated notes

Levels and vault maps discovered:
D:1:      minmay_arrival_stair_chambers, layout_basic,
          shapermc_ecumenical_altar_notcrosses, minmay_misc_feat_enclosed
D:2:      minmay_general_purpose_star, layout_loops_cross, serial_shops, shop
D:3:      minmay_door_path, layout_loops_ring, serial_shops, shop_coins,
          serial_rivers, chequers_serial_rivers_micro_b,
          chequers_serial_rivers_small_a, chequers_serial_rivers_room_b,
          chequers_serial_rivers_micro_e, chequers_serial_rivers_room_a

Skill      XL: |  1  2  3  4 |
---------------+-------------+-----
Axes           | 2 3 |  3.0
Armour         | 4 |  4.2
Fighting       | |  3.8
Shields        | |  3.6

Action                   |  1- 3 |  4- 6 || total
-------------------------+-------+-------++-------
Melee: War axe           |   131 |    45 ||   176
  Use: Scroll            |     7 |       ||     7
Armor: Scale mail        |    91 |    29 ||   120
Dodge: Dodged            |    71 |    24 ||    95
Block: Buckler           |    30 |     9 ||    39

Table legend: (Time is in decaauts)
 A = Elapsed time spent in this place.
 B = Non-inter-level travel time spent in this place.
 C = Inter-level travel time spent in this place.
 D = Time resting spent in this place.
 E = Time spent auto-exploring this place.
 F = Levels seen in this place.
 G = Mean time per level.
                   A        B        C        D        E       F      G
               +--------+--------+--------+--------+--------+-----+--------+
         Total |   2720 |   2720 |      0 |    533 |   1737 |   3 |  906.7 |
       Dungeon |   2720 |   2720 |      0 |    533 |   1737 |   3 |  906.7 |
               +--------+--------+--------+--------+--------+-----+--------+

Top non-repeatable levels by time:
     D:1: 1390 daAuts
     D:2: 1318 daAuts
     D:3: 11 daAuts
